 Dungeon Crawl Stone Soup version 0.30.0-18-gc0e69614cb (webtiles) character file.

Game seed: 16831018183506671438

124 olmar the Ducker (level 4, -1/45 HPs)
             Began as a Troll Fighter on May 24, 2023.
             Killed from afar by an orc wizard (7 damage)
             ... with a puff of flame
             ... on level 4 of the Dungeon.
             The game lasted 00:02:25 (2053 turns).

olmar the Ducker (Troll Fighter)                    Turns: 2053, Time: 00:02:26

Health: -1/45      AC:  4    Str: 26    XL:     4   Next: 81%
Magic:  3/3        EV:  9    Int:  4    God:
Gold:   248        SH:  0    Dex:  9    Spells: 3/3 levels left

rFire   . . .        a - +0 flail
rCold   . . .        c - +0 kite shield
rNeg    + . .        b - +0 robe
rPois   .            (helmet restricted)
rElec   .            (no cloak)
rCorr   .            (gloves unavailable)
SInv    .            (boots unavailable)
Will    .....        g - amulet of reflection
Stlth   +            f - ring of positive energy
HPRegen 1.07/turn    (no ring)
MPRegen 0.08/turn

%: reflection
@: confused, ambrosia-drunk
A: large, unfitting armour, claws 3, regeneration 1, shaggy fur 1, tough skin 1
a: no special abilities


You were on level 4 of the Dungeon.
You visited 1 branch of the dungeon, and saw 4 of its levels.

You collected 248 gold pieces.

Inventory:

Hand Weapons
 a - a +0 flail (weapon)
Armour
 b - a +0 robe (worn)
 c - a +0 kite shield (worn)
Jewellery
 f - a ring of positive energy (left claw)
 g - an amulet of reflection (around neck)
 p - a ring of protection from fire
Scrolls
 e - 2 scrolls of teleportation {unknown}
 i - 3 scrolls of amnesia {unknown}
 k - a scroll of butterflies {unknown}
 o - a scroll of identify {unknown}
Potions
 d - a potion of might
 h - a potion of lignification {unknown}
 j - 2 potions of heal wounds {unknown}
 l - a potion of flight {unknown}
 m - a potion of curing
 n - a potion of ambrosia


   Skills:
 + Level 3.1 Fighting
 + Level 2.5 Maces & Flails
 + Level 3.4 Dodging
 + Level 3.1 Shields


You had 3 spell levels left.
You didn't know any spells.
Your spell library was empty.

Dungeon Overview and Level Annotations

Branches:
Dungeon (4/15)
 Temple: D:4-7

Altars:
Dithmenos
Nemelex Xobeh
Okawaru
Uskayaw

Shops:
D:3 (


Innate Abilities, Weirdness & Mutations

You are too large for most types of armour.
You have claws for hands.
Your natural rate of healing is unusually fast.
You are covered in fur. (AC +1)
You have tough skin. (AC +1)


Message History

Something hits you. x2
You hear some strange, mumbled words.
Something tries to affect you, but you resist.
Unknown command.
Something hits you. The orc barely misses you.
You bump into the rock wall.
Something hits you. The orc hits you with a +0 whip.
The endoplasm jiggles.
You miss something.
You hear some strange, mumbled words.
Something tries to affect you, but you resist.
The orc hits you with a +0 whip. Something hits you.
Something hits you but does no damage. The orc hits you but does no damage.
You hear some strange, mumbled words.
A puff of flame appears from out of thin air!
The puff of flame hits you! The endoplasm freezes you.
You are frozen.
The orc hits you but does no damage. The orc hits you with a +0 falchion!
* * * LOW HITPOINT WARNING * * *
You hear some strange, mumbled words.
Something tries to affect you, but you resist.
It was a potion of curing.
You feel better. The orc barely misses you. The endoplasm freezes you.
You are frozen.
* * * LOW HITPOINT WARNING * * *
Something hits you but does no damage. x2; You block the orc's attack.
You hear some strange, mumbled words.
A magic dart appears from out of thin air!
The magic dart hits you!
* * * LOW HITPOINT WARNING * * *
You block the orc's attack. Something hits you.
* * * LOW HITPOINT WARNING * * *
It was a potion of ambrosia.
You are confused.
You feel invigorated.
You hear some strange, mumbled words.
A puff of flame appears from out of thin air!
The puff of flame hits you!
You die...

####.....(###
...#......#
#.......)#
###......#
###......#
#........#
#.#......#
#.# #.
#......# #..#
# #....{@##
#...###
#####.oo#
.[..... #o#J#
.......
#.#.##.......
#.#..o.......
#............
#####......##
#......#
#......#


You could see 3 orcs and an endoplasm.

Vanquished Creatures
  Terence (D:2)
  Jessica (D:2)
  2 adders
  2 worms (D:2)
  A dart slug (D:1)
  2 ball pythons
  3 bats
  6 endoplasms
  A giant cockroach (D:2)
  4 hobgoblins
  A quokka (D:2)
  2 frilled lizards
  12 goblins
  5 kobolds
43 creatures vanquished.

Notes
Turn   | Place    | Note
-------+----------+-------------------------------------------
     0 | D:1      | olmar the Troll Fighter began the quest for the Orb.
     0 | D:1      | Reached XP level 1. HP: 22/22 MP: 0/0
   186 | D:1      | Reached XP level 2. HP: 29/29 MP: 1/1
   971 | D:2      | Noticed Jessica
   977 | D:2      | Killed Jessica
   978 | D:2      | Reached XP level 3. HP: 33/36 MP: 2/2
  1052 | D:2      | Reached XP level 4. HP: 43/45 MP: 3/3
  1297 | D:2      | Noticed Terence
  1315 | D:2      | Killed Terence
  1530 | D:3      | Found an iron altar of Okawaru.
  1574 | D:3      | Found Posao's Weapon Boutique.
  1674 | D:3      | Found a hide-covered altar of Uskayaw.
  1674 | D:3      | Found a shadowy altar of Dithmenos.
  1937 | D:3      | Found a sparkling altar of Nemelex Xobeh.
  2052 | D:4      | HP: 1/45 [something (3)]
  2053 | D:4      | Killed from afar by an orc wizard

Illustrated notes

Levels and vault maps discovered:
D:1:      matt_arrival_refuge, layout_rooms, serial_co_window_serial,
          co_window_paths_a, co_window_corner_a, co_window_paths_a,
          co_window_paths_b, co_window_cross_1, co_window_corner_a,
          co_window_paths_a, co_window_of_opportunity_b, co_window_corner_cb,
          co_window_2corner, co_window_corner_cb, glass_columns_c,
          glass_columns_a, glass_columns_a, amcnicky_mini_rare_corridor_liquid,
          minmay_misc_feat_more_columns
D:2:      layout_basic, uniq_jessica, uniq_terence
D:3:      layout_basic, gammafunk_temple_overflow_statue, lemuel_crystal_altar,
          mainiacjoe_overflow_surrounded_room, serial_shops, shop
D:4:      layout_rooms, mainiacjoe_overflow_paths, minivault_14

Skill      XL: |  1  2  3  4 |
---------------+-------------+-----
Maces & Flails | 2 |  2.5
Shields        | 3 |  3.1
Fighting       | 3 |  3.1
Dodging        | 3 |  3.4

Action                     |  1- 3 |  4- 6 || total
---------------------------+-------+-------++-------
  Melee: Flail             |    81 |    82 ||   163
    Use: Potion            |       |     2 ||     2
 Armour: Robe              |    23 |    24 ||    47
  Dodge: Dodged            |    24 |    44 ||    68
  Block: Kite shield       |    19 |    56 ||    75
